 Dungeon Crawl Stone Soup version 0.30.0-19-g36f170ea60 (webtiles) character file.

Game seed: 1566311762843244568

91 tizbic2 the Shield-Bearer (level 4, -3/24 HPs)
             Began as a Vine Stalker Fighter on May 29, 2023.
             Slain by an orc
             ... wielding a +1 morningstar of protection
              (4 damage)
             ... on level 3 of the Dungeon.
             The game lasted 00:06:29 (1531 turns).

tizbic2 the Shield-Bearer (Vine Stalker Fighter)    Turns: 1531, Time: 00:06:31

Health: -3/24      AC:  9    Str: 21    XL:     4   Next: 57%
Magic:  0/7        EV:  7    Int:  8    God:
Gold:   119        SH:  5    Dex: 13    Spells: 6/6 levels left

rFire   . . .        f - +3 sling (flame)
rCold   . . .        c - +0 buckler
rNeg    . . .        k - +0 chain mail
rPois   .            (no helmet)
rElec   .            (no cloak)
rCorr   .            (no gloves)
SInv    .            (no boots)
Will    .....        (no amulet) Stlth
                     (no ring)
HPRegen 1.04/turn    (no ring)
MPRegen 0.10/turn

%: guardian spirit
@: no status effects
A: fangs 2, regeneration 1, magic shield, antimagic bite, no potion heal 2
a: no special abilities


You were on level 3 of the Dungeon.
You visited 1 branch of the dungeon, and saw 3 of its levels.

You collected 119 gold pieces.

Inventory:

Hand Weapons
 a - a +0 trident
 f - a +3 sling of flaming (weapon)
Missiles
 j - 3 javelins
 m - 2 throwing nets
Armour
 c - a +0 buckler (worn)
 k - a +0 chain mail (worn)
Potions
 b - a potion of degeneration {unknown}
 d - a potion of might
 e - a potion of magic
 g - a potion of flight {unknown}
 h - a potion of curing {unknown}
 i - a potion of lignification {unknown}
 l - a potion of haste {unknown}


   Skills:
 + Level 3.0 Fighting
 + Level 2.1 Polearms
 * Level 3.0 Armour
 * Level 3.3 Shields
 * Level 1.6 Spellcasting


You had 6 spell levels left.
You didn't know any spells.
Your spell library contained the following spells:

 Spells                   Type           Power      Damage    Failure   Level
 Ozocubu's Armour         Ice            0%         N/A       100%        3
 Metabolic Englaciation   Hex/Ice        0%         N/A       100%        5
 Simulacrum               Ice/Necr       0%         N/A       100%        6


Dungeon Overview and Level Annotations

Branches:
Dungeon (3/15)

Altars:


Innate Abilities, Weirdness & Mutations

You have extremely sharp teeth.
Your natural rate of healing is unusually fast.
When hurt, damage is shared between your health and your magic reserves.
Your bite disrupts and absorbs the magic of your enemies.
Potions cannot restore your health.


Message History

The bat hits you but does no damage. x2; The orc completely misses you.
The orc barely misses you. The orc hits you but does no damage. x2
You block the orc's attack. x2
You shoot a sling bullet. The sling bullet hits the orc.
The sling bullet burns the orc.
You kill the orc!
The bat hits you but does no damage. You block the orc's attack.
The orc hits you with a +1 morningstar of protection.
The bat hits you but does no damage. The orc hits you but does no damage.
The orc hits you with a +1 morningstar of protection!
Fire: f) +3 sling (flame)
Press: ? - help, Q - select action, (/) - cycle Shift-Dir - straight line, f - orc
Aim: an orc, wielding a +1 morningstar of protection and wearing a +0 leather armour (lightly wounded, 59% to hit)
You shoot a sling bullet. The sling bullet hits the orc.
The sling bullet burns the orc.
The orc is almost dead.
The bat hits you but does no damage. You block the bat's attack.
The orc barely misses you. The orc hits you but does no damage.
You block the orc's attack.
The orc hits you from afar with a +0 trident!
Fire: f) +3 sling (flame)
Press: ? - help, Q - select action, (/) - cycle Shift-Dir - straight line, f - orc, p - orc
Aim: an orc, wielding a +0 trident and wearing a +0 leather armour (59% to hit)
You shoot a sling bullet.
The sling bullet completely misses the orc.
The bat hits you but does no damage.
The orc hits you from afar with a +0 trident.
The orc barely misses you. The bat barely misses you.
Fire: f) +3 sling (flame)
Press: ? - help, Q - select action, (/) - cycle Shift-Dir - straight line, f/p - orc
Aim: an orc, wielding a +0 trident and wearing a +0 leather armour (59% to hit)
You shoot a sling bullet. The sling bullet barely misses the orc.
You block the bat's attack. The bat hits you.
The orc hits you but does no damage.
The orc hits you with a +1 morningstar of protection.
The bat hits you but does no damage.
The orc hits you from afar with a +0 trident!
* * * LOW HITPOINT WARNING * * *
The orc hits you with a +1 morningstar of protection.
You die...

.... ....
. .... .#
).. .[ ..#
#. #..#
##..##...#
#..)o@b#
......)###
###.#.o #
#.. ...
.#.. #.#..
. .<.


You could see 2 orcs and a bat.

Vanquished Creatures
  4 gnolls (D:2)
  A dart slug (D:2)
  2 orcs (D:3)
  5 endoplasms
  3 giant cockroaches
  6 hobgoblins
  3 quokkas (D:1)
  8 ball pythons
  3 bats
  2 frilled lizards
  2 goblins
  4 kobolds
  5 rats
48 creatures vanquished.

Notes
Turn   | Place    | Note
-------+----------+-------------------------------------------
     0 | D:1      | tizbic2 the Vine Stalker Fighter began the quest for the
                  | Orb.
     0 | D:1      | Reached XP level 1. HP: 11/11 MP: 2/2
   214 | D:1      | Reached XP level 2. HP: 12/16 MP: 3/3
   556 | D:1      | Reached skill level 1 in Spellcasting
   587 | D:1      | Reached XP level 3. HP: 19/19 MP: 5/5
  1202 | D:2      | Gained mutation: Your natural rate of healing is unusually
                  | fast. [Vine Stalker growth]
  1202 | D:2      | Reached XP level 4. HP: 12/24 MP: 3/7
  1531 | D:3      | HP: 1/24 [orc/+0 trident (7)]
  1531 | D:3      | Slain by an orc

Illustrated notes

Levels and vault maps discovered:
D:1:      dpeg_arrival_line_fractal, layout_basic
D:2:      layout_rooms
D:3:      layout_rooms

Skill      XL: |  1  2  3  4 |
---------------+-------------+-----
Shields        | 3 |  3.3
Spellcasting   | 1 |  1.6
Polearms       | 2 |  2.1
Fighting       | 3 |  3.0
Armour         | 3 |  3.0

Action                     |  1- 3 |  4- 6 || total
---------------------------+-------+-------++-------
  Melee: Trident           |    11 |     2 ||    13
         Bite              |     1 |     1 ||     2
   Fire: Sling             |    89 |    38 ||   127
    Use: Scroll            |     4 |       ||     4
         Potion            |     1 |       ||     1
 Armour: Scale mail        |    22 |       ||    22
         Chain mail        |     9 |    46 ||    55
  Dodge: Dodged            |    43 |    37 ||    80
  Block: Buckler           |    25 |    27 ||    52
